 Dungeon Crawl Stone Soup version 0.30-a0-535-g2c0b3469a7 (webtiles) character file.

Game seed: 2864901904996214167

62 M4edhros the Ducker (level 4, -2/31 HPs)
             Began as an Octopode Fighter on Dec 25, 2022.
             Slain by a phantom (7 damage)
             ... on level 4 of the Dungeon.
             The game lasted 00:00:58 (353 turns).

M4edhros the Ducker (Octopode Fighter)               Turns: 353, Time: 00:00:58

Health: -2/31      AC:  1    Str: 15    XL:     4   Next: 8%
Magic:  4/4        EV: 13    Int: 10    God:
Gold:   72         SH:  5    Dex: 13    Spells: 3/3 levels left

rFire   . . .      SeeInvis +    a - +0 trident
rCold   . . .      Faith    .    b - +0 buckler
rNeg    . . .      Spirit   .    (helmet restricted)
rPois   .          Reflect  .    (no amulet)
rElec   .          Harm     .    g - ring of see invisible
rCorr   .          Rampage  .    (no ring)
Will    .....                    (no ring)
Stlth   ++                       (no ring)
HPRegen 0.25/turn                (no ring)
MPRegen 0.09/turn                (no ring)
                                 (no ring)
                                 (no ring)

@: mighty
A: almost no armour, amphibious, 8 rings, camouflage 1, gelatinous body 1,
(nimble swimmer 1), tentacles
a: no special abilities


You were on level 4 of the Dungeon.
You visited 1 branch of the dungeon, and saw 4 of its levels.

You collected 72 gold pieces.

Inventory:

Hand Weapons
 a - a +0 trident (weapon)
Armour
 b - a +0 buckler (worn)
Jewellery
 g - a ring of see invisible (left tentacle)
Scrolls
 e - a scroll of fear {unknown}
 i - a scroll of teleportation {unknown}
Potions
 d - a potion of ambrosia {unknown}
 f - a potion of curing {unknown}
 h - a potion of brilliance {unknown}


   Skills:
 - Level 3.0 Fighting
 + Level 2.9 Polearms
 + Level 3.7 Dodging
 + Level 3.7 Shields


You had 3 spell levels left.
You didn't know any spells.
Your spell library was empty.

Dungeon Overview and Level Annotations

Branches:
Dungeon (3/15)

Altars:
Makhleb
Qazlal

Annotations:
D:4 Grinder


Innate Abilities, Weirdness & Mutations

You cannot wear most types of armour.
You are amphibious.
You can wear up to eight rings at the same time.
Your skin changes colour to match your surroundings (Stealth+).
Your rubbery body absorbs attacks. (AC +1, EV +1)
((You are camouflaged when in or above water. (Stealth+)))
You have tentacles for arms and can constrict up to eight enemies at once.


Message History

You block the iguana's attack.
You hit the iguana.
The iguana is almost dead.
You constrict the iguana. The iguana misses you.
You hit the iguana but do no damage.
The iguana is almost dead.
You constrict the iguana.
You kill the iguana!
You have reached level 4!
HP restored.
You now have 58 gold pieces (gained 5).
You now have 72 gold pieces (gained 14).
i - a scroll labelled ODACET RAJE
Found 4 poisoned darts.
Found a stone staircase leading down.
A scorpion comes into view.
Found a stormy altar of Qazlal.
Found a robe.
Found an escape hatch in the floor.
A phantom comes into view.
Grinder comes into view.
You aren't carrying any items that you can evoke.
Okay, then.
You feel very mighty all of a sudden.
You miss the phantom. You block the phantom's attack.
You miss the phantom. The phantom hits you.
The phantom blinks!
You blink.
Found 2 stones.
The phantom hits you.
The phantom blinks!
You blink.
An ufetubus comes into view.
Found a robe.
Grinder gestures at you. Pain shoots through your body!
You are too injured to fight recklessly!
You hit Grinder. Your grab misses Grinder.
Grinder is lightly wounded.
You block Grinder's attack. The phantom hits you.
* * * LOW HITPOINT WARNING * * *
You hit Grinder. Your grab misses Grinder.
Grinder is moderately wounded.
Grinder barely misses you. The phantom hits you!
You die...

#.####.5 ...[..§ .
.....§ .§ ....≈§§≈.
#...§≈#§#≈≈
#....#≈§≈≈#
#5W..#≈⌠>≈#
#@...≈≈._≈# ≈≈§
#.$.≈#≈≈§≈ ≈≈..
######...§≈#.#+#≈..(
.....(§.§≈≈§.≈.§....
######....≈........#
#.....§.......#
####.....######
###.......####
.....##.......#


You could see Grinder, a phantom and an ufetubus (asleep).

Vanquished Creatures
  2 iguanas
  An endoplasm (D:2)
  A giant cockroach (D:2)
  2 goblins
  A hobgoblin (D:1)
  A bat (D:2)
  2 kobolds
  2 rats (D:2)
12 creatures vanquished.

Notes
Turn   | Place    | Note
-------+----------+-------------------------------------------
     0 | D:1      | M4edhros the Octopode Fighter began the quest for the Orb.
     0 | D:1      | Reached XP level 1. HP: 16/16 MP: 1/1
    89 | D:2      | Found a burning altar of Makhleb.
    92 | D:2      | Noticed an iguana
    97 | D:2      | Killed an iguana
    98 | D:2      | Reached XP level 2. HP: 14/21 MP: 2/2
    98 | D:2      | Reached XP level 3. HP: 17/26 MP: 3/3
   251 | D:3      | Identified the +1 pair of gloves of the Original Sin
                  | {Str+3}
   259 | D:3      | You fall into a shaft and drop 1 floor!
   273 | D:4      | Reached XP level 4. HP: 21/31 MP: 4/4
   342 | D:4      | Found a stormy altar of Qazlal.
   342 | D:4      | Noticed a scorpion
   345 | D:4      | Noticed a phantom
   346 | D:4      | Noticed Grinder
   353 | D:4      | Slain by a phantom

Illustrated notes

Levels and vault maps discovered:
D:1:      eino_arrival_water_star, layout_loops_ring
D:2:      layout_basic, hellmonk_ecumenical_altar_watching_god, basic_altar
D:3:      layout_basic, mainiacjoe_overflow_catwalk, uniq_jessica, uniq_ijyb
D:4:      layout_rooms, nicolae_qazlal_general_emergency, lemuel_tele_altar,
          uniq_menkaure, uniq_eustachio, uniq_grinder, uniq_pikel, uniq_duvessa

Action                   |  1- 3 |  4- 6 || total
-------------------------+-------+-------++-------
Melee: Trident           |    33 |     4 ||    37
       Constrict         |     6 |       ||     6
       Tentacles         |     2 |       ||     2
  Use: Potion            |       |     1 ||     1
 Stab: Sleeping          |     4 |       ||     4
Armor: Skin              |     3 |       ||     3
Dodge: Dodged            |    11 |     1 ||    12
Block: Buckler           |     3 |     2 ||     5

Table legend: (Time is in decaauts)
 A = Elapsed time spent in this place.
 B = Non-inter-level travel time spent in this place.
 C = Inter-level travel time spent in this place.
 D = Time resting spent in this place.
 E = Time spent auto-exploring this place.
 F = Levels seen in this place.
 G = Mean time per level.
                   A        B        C        D        E       F      G
               +--------+--------+--------+--------+--------+-----+--------+
         Total |    359 |    346 |     13 |      0 |    221 |   4 |   89.8 |
       Dungeon |    359 |    346 |     13 |      0 |    221 |   4 |   89.8 |
               +--------+--------+--------+--------+--------+-----+--------+

Top non-repeatable levels by time:
     D:2: 186 daAuts
     D:4: 95 daAuts
     D:1: 63 daAuts
     D:3: 14 daAuts
